 Dungeon Crawl Stone Soup version 0.32-a0-918-g0f22ef8d61 (webtiles) character file.

Game seed: 12571645440211115626

2880 dialectric the Changeling (level 9, -5/92 HPs)
             Began as a Troll Shapeshifter on Apr 10, 2024.
             Was a Believer of Nemelex Xobeh.
             Slain by an orc warrior (8 damage)
             ... in a bailey.
             The game lasted 00:10:05 (5138 turns).

dialectric the Changeling (Troll Shapeshifter)      Turns: 5138, Time: 00:10:06

Health: -5/92      AC:  4    Str: 26    XL:     9   Next: 48%
Magic:  8/8        EV: 10    Int:  6    God:    Nemelex Xobeh [**....]
Gold:   397        SH:  5    Dex: 11    Spells: 8/8 levels left

rFire   . .          .
                       - Unarmed
rCold   + . .        (no shield)
rNeg    . . .        a - +0 animal skin
rPois   .            (helmet currently unavailable)
rElec   .            (cloak currently unavailable)
rCorr   .            (gloves unavailable)
SInv    .            (boots unavailable)
Will    .....        i - amulet of reflection
Stlth   +            f - ring of protection from cold
HPRegen 1.15/turn    (no ring)
MPRegen 0.11/turn

%: reflection
@: mighty, beast-form
A: beast (slay +3), large, unfitting armour, claws 3, regeneration 1, shaggy fur
1, tough skin 1
a: Begin Untransformation, Renounce Religion, Draw Escape, Draw Destruction,
Draw Summoning


You were in a bailey.
You worshipped Nemelex Xobeh.
Nemelex Xobeh was pleased with you.
You were a hulking beast.
You visited 2 branches of the dungeon, and saw 8 of its levels.
You also visited: Bailey.

You collected 397 gold pieces.

Inventory:

Hand Weapons
 r - a +0 quarterstaff
 A - a +0 long sword
 C - a +3 flail
 D - a +0 halberd
Missiles
 j - 3 poisoned darts (quivered)
Armour
 a - a +0 animal skin (worn)
 o - a +2 cloak
Jewellery
 b - an amulet of faith
 f - a ring of protection from cold (left claw)
 i - an amulet of reflection (around neck)
Talismans
 c - a beast talisman (active)
 d - a flux talisman
Wands
 z - a wand of light (6)
Scrolls
 g - a scroll of fog {unknown}
 m - 2 scrolls of poison
 n - 3 scrolls of teleportation
 p - 2 scrolls of revelation {unknown}
 q - a scroll of amnesia {unknown}
 s - a scroll of enchant armour {unknown}
 v - 2 scrolls of enchant weapon {unknown}
 w - a scroll of blinking {unknown}
 y - a scroll of silence {unknown}
 B - 2 scrolls of immolation
Potions
 e - 7 potions of brilliance
 h - 2 potions of curing
 k - a potion of degeneration
 t - 3 potions of attraction
 u - a potion of berserk rage {unknown}


   Skills:
 + Level 6.5 Fighting
 - Level 4.0 Armour
 + Level 5.7 Dodging
 - Level 3.0 Unarmed Combat
 + Level 6.6 Shapeshifting


You had 8 spell levels left.
You didn't know any spells.
Your spell library contained the following spells:

 Spells                   Type           Power      Damage    Failure   Level
 Magic Dart               Conj           0%         1d3       45%         1
 Shock                    Conj/Air       0%         1d3       45%         1
 Blink                    Tloc           0%         N/A       58%         2
 Call Imp                 Summ           0%         N/A       58%         2
 Ensorcelled Hibernation  Hex/Ice        0%         N/A       58%         2
 Lesser Beckoning         Tloc           0%         N/A       58%         2
 Maxwell's Portable Pile  Tloc           0%         2d(5-13)  83%         3
 Passwall                 Erth           0%         N/A       83%         3
 Swiftness                Air            0%         N/A       83%         3
 Teleport Other           Tloc           0%         N/A       83%         3
 Airstrike                Air            0%         2d(0-16)  99%         4


Dungeon Overview and Level Annotations

Branches:
Dungeon (7/15)             Temple (1/1) D:4          Bailey (1/1)

Altars:
Ashenzari
Cheibriados
Dithmenos
Gozag
Nemelex Xobeh
Qazlal
Ru
Sif Muna
Xom
Yredelemnul
Zin
The Shining One

Annotations:
D:6 1 runed translucent door, JoadsterXIII's ghost, novice DgSh


Innate Abilities, Weirdness & Mutations

You are a hulking beast.
Your limbs bulge with bestial killing power. (Slay +3)
You are too large for most types of armour.
You have claws for hands.
Your natural rate of healing is unusually fast.
You are covered in fur. (AC +1)
You have tough skin. (AC +1)


Message History

You shoot a bolt.
The bolt closely misses the orc warrior.
The orc warrior shoots a bolt.
The bolt hits you!
Fire: E) +0 arbalest
Press: ? - help, Q - select action, (/) - cycle Shift-Dir - straight line, f/p - orc warrior
Aim: an orc warrior, wielding a +0 arbalest and wearing a +0 scale mail (50% to hit)
You shoot a bolt. The bolt barely misses the orc warrior.
The orc warrior curses noisily.
The orc warrior shoots a bolt.
The bolt hits you!
The orc warrior shoots a bolt.
The bolt hits you.
Okay, then.
You are now empty-clawed.
You drop a +0 arbalest.
The orc warrior shoots a bolt.
You block the bolt with an invisible shield... and reflect it back!
The bolt barely misses the orc warrior.
The orc shoots a bolt.
The bolt hits you.
Unknown command.
The orc shoots a bolt.
The bolt barely misses you.
The orc warrior shoots a bolt.
The bolt hits you!!
The orc warrior shoots a bolt.
The bolt barely misses you.
The orc shoots a bolt.
The bolt hits you.
The orc warrior shoots a bolt.
The bolt misses you.
Found a gate leading back out of this place.
The orc warrior shoots a bolt.
The bolt hits you!
* * * LOW HITPOINT WARNING * * *
The orc shoots a bolt.
The bolt barely misses you.
It was a potion of might.
You feel very mighty all of a sudden.
The orc warrior shoots a bolt.
The bolt hits you!
* * * LOW HITPOINT WARNING * * *
The orc warrior shoots a bolt.
The bolt completely misses you.
You feel better.
Unknown command.
It was a potion of magic.
Magic courses through your body.
The orc warrior unwields a +0 arbalest.
The orc warrior hits you!
* * * LOW HITPOINT WARNING * * *
The orc unwields a +0 arbalest.
The orc hits you but does no damage.
The orc warrior unwields a +0 arbalest.
The orc warrior hits you!
You die...
Your body glows slightly and disappears.

#############
#∩...........
#............
#....).......
#............
#......≈≈≈≈≈.
#...h.≈≈###≈≈
#..ooo≈##.# ≈
#.....≈#..
#.....≈##.∩#
#....)≈≈#.##
#......≈≈.≈≈≈...
#.......o......
#.............
#............#


You could see 2 orc warriors and 2 orcs.

Vanquished Creatures
  A komodo dragon (D:6)
  Sigmund (D:3)
  2 water moccasins
  2 orc warriors
  An ice beast (D:6)
  A black bear (D:5)
  3 ogres
  2 phantoms
  2 centaurs
  A bullfrog (D:7)
  3 scorpions
  5 wights (D:6)
  4 howler monkeys
  5 bombardier beetles
  2 jellies
  An orc priest (D:6)
  2 hounds (D:5)
  2 iguanas
  2 orc wizards
  4 gnolls (D:4)
  10 adders
  2 shadow imps
  2 ufetubi (D:6)
  5 dart slugs
  2 ribbon worms (D:3)
  18 orcs
  8 ball pythons
  6 bats
  9 endoplasms
  A giant cockroach (D:1)
  8 hobgoblins
  7 jackals
  6 quokkas
  8 frilled lizards
  6 goblins
  7 kobolds
  3 rats
154 creatures vanquished.

Vanquished Creatures (others)
  An orc wizard (D:5)
1 creature vanquished.

Grand Total: 155 creatures vanquished

Notes
Turn   | Place    | Note
-------+----------+-------------------------------------------
     0 | D:1      | dialectric the Troll Shapeshifter began the quest for the
                  | Orb.
     0 | D:1      | Reached XP level 1. HP: 18/18 MP: 0/0
    84 | D:1      | Reached skill level 1 in Fighting
   291 | D:1      | Reached XP level 2. HP: 27/27 MP: 1/1
   940 | D:2      | Reached XP level 3. HP: 35/35 MP: 2/2
  1129 | D:2      | Reached XP level 4. HP: 30/42 MP: 3/3
  1520 | D:3      | Noticed a phantom
  1550 | D:2      | Killed a phantom
  1551 | D:2      | Reached XP level 5. HP: 20/52 MP: 4/4
  1600 | D:3      | Noticed Sigmund
  2109 | D:3      | Killed Sigmund
  2110 | D:3      | Reached XP level 6. HP: 62/62 MP: 5/5
  2311 | D:4      | Found a staircase to the Ecumenical Temple.
  2384 | Temple   | Entered the Ecumenical Temple
  2426 | Temple   | Became a worshipper of Nemelex Xobeh the Trickster
  2562 | D:4      | Reached XP level 7. HP: 60/70 MP: 6/6
  2790 | D:4      | Reached skill level 1 in Armour
  2831 | D:4      | Found a snail-covered altar of Cheibriados.
  3089 | D:5      | Entered Level 5 of the Dungeon
  3130 | D:5      | Reached skill level 5 in Shapeshifting
  3243 | D:5      | Reached XP level 8. HP: 50/79 MP: 7/7
  3328 | D:5      | Reached skill level 5 in Fighting
  3418 | D:5      | Reached skill level 5 in Dodging
  3801 | D:6      | Reached * piety under Nemelex Xobeh
  3932 | D:6      | Received a gift from Nemelex Xobeh
  4190 | D:6      | Reached XP level 9. HP: 36/89 MP: 8/8
  4789 | D:6      | Found a runed translucent door.
  4789 | D:6      | Noticed JoadsterXIII's ghost (novice DgSh)
  4917 | D:7      | Noticed a komodo dragon
  4935 | D:6      | Killed a komodo dragon
  5009 | D:7      | Reached ** piety under Nemelex Xobeh
  5022 | D:7      | Found a flagged portal.
  5036 | Bailey   | Entered a bailey
  5136 | Bailey   | HP: 4/92 [orc warrior/bolt (14)]
  5138 | Bailey   | Slain by an orc warrior

Illustrated notes

Levels and vault maps discovered:
D:1:      psy_arrival_fountain, layout_loops_corners, hangedman_glass_teeth,
          hex_medium, ebering_dispersal_statue_hall
D:2:      layout_basic, chequers_big_river, chequers_serial_rivers_micro_e,
          roderic_roman_lattice
D:3:      layout_rooms, uniq_sigmund
D:4:      layout_loops_ring, amcnicky_altar_gilded, temple_fountains,
          minmay_goblin_kobold_house
D:5:      layout_basic
D:6:      layout_loops_corners, gammafunk_ghost_grave
D:7:      minmay_the_grid_triangle_9x9_rhombus_full
          [minmay_the_grid_triangle_9x9_fully_insulated_deathbox,
          minmay_the_grid_triangle_9x9_thin_v,
          minmay_the_grid_triangle_9x9_cache,
          minmay_the_grid_triangle_9x9_sparse_checkered,
          minmay_the_grid_triangle_9x9_skeleton,
          minmay_the_grid_triangle_9x9_swiss_cheese,
          minmay_the_grid_triangle_9x9_wacky_v,
          minmay_the_grid_triangle_9x9_prize_top_heavy], layout_rooms,
          dancing_weapons_uskayaw, nicolae_hepliaklqana_hazy_memory,
          mainiacjoe_overflow_alcove_2, nzn_wu_jian_council_hall,
          enter_bailey_2, grunt_ministairs_13
Temple:   bh_familiar_temple
Bailey:   bailey_polearm_2, bailey

Skill      XL: |  1  2  3  4  5  6  7  8  9 |
---------------+----------------------------+-----
Fighting       | 1 2 3 4 5 6 |  6.5
Dodging        | 2 3 4 5 |  5.7
Shapeshifting  | 4 5 6 |  6.6
Armour         | 2 3 4 |  4.0
Unarmed Combat | |  3.0

Action                     |  1- 3 |  4- 6 |  7- 9 || total
---------------------------+-------+-------+-------++-------
  Melee: Unarmed           |    72 |   102 |   229 ||   403
         Punch             |     2 |     4 |     5 ||    11
   Fire: Arbalest          |       |       |     4 ||     4
  Throw: Dart              |       |     1 |    13 ||    14
  Evoke: Wand              |       |     1 |     3 ||     4
    Use: Potion            |       |     1 |     4 ||     5
         Scroll            |       |       |     7 ||     7
   Stab: Sleeping          |       |     1 |     1 ||     2
         Invisible         |       |     1 |       ||     1
 Armour: Animal skin       |    33 |    64 |   149 ||   246
         Skin              |       |     4 |    10 ||    14
  Dodge: Dodged            |    23 |    47 |    92 ||   162
  Block: Other             |       |       |    58 ||    58
         Reflection        |       |       |     7 ||     7

Table legend: (Time is in decaauts)
 A = Elapsed time spent in this place.
 B = Non-inter-level travel time spent in this place.
 C = Inter-level travel time spent in this place.
 D = Time resting spent in this place.
 E = Time spent auto-exploring this place.
 F = Levels seen in this place.
 G = Mean time per level.
                   A        B        C        D        E       F      G
               +--------+--------+--------+--------+--------+-----+--------+
         Total |   5119 |   4844 |    275 |    315 |   3293 |   9 |  568.8 |
       Dungeon |   4950 |   4720 |    230 |    315 |   3280 |   7 |  707.1 |
        Temple |     63 |     18 |     45 |      0 |      0 |   1 |   63.0 |
        Bailey |    104 |    104 |      0 |      0 |     13 |   1 |  104.0 |
               +--------+--------+--------+--------+--------+-----+--------+

Top non-repeatable levels by time:
     D:6: 1132 daAuts
     D:1: 930 daAuts
     D:4: 826 daAuts
     D:5: 702 daAuts
     D:2: 654 daAuts
     D:3: 601 daAuts
  Bailey: 104 daAuts
     D:7: 102 daAuts
  Temple: 63 daAuts
